 Dungeon Crawl Stone Soup version 0.31.0-32-g396128a36d (console) character file.

Game seed: 10017006270320699932

362447 edwinsage the Ninja (level 21, -6/107 (111) HPs)
             Began as a Spriggan Berserker on Apr 1, 2024.
             Was a High Priest of Trog.
             Killed from afar by a tengu reaver (10 damage)
             ... with a bolt of poison
             ... on level 4 of the Depths on Apr 2, 2024.
             The game lasted 05:15:02 (51340 turns).

edwinsage the Ninja (Spriggan Berserker)           Turns: 51340, Time: 05:15:03

HP:   -6/107 (111)  AC: 11    Str: 13    XL:     21   Next: 11%
MP:   19/22         EV: 54    Int: 17    God:    Trog [*****.]
Gold: 1194          SH: 17    Dex: 34    Spells: 20/20 levels left

rFire   . . .        a - +9 demon blade (drain)
rCold   . . .        r - +3 buckler of Negation {rPois Dex-4 SInv Stlth+}
rNeg    . . .        k - +3 robe "Cyod Bacw" {Regen+ Int+4 Dex+3}
rPois   +            i - +3 crown of Dyrovepreva {rElec Int+2 SInv}
rElec   +            W - +2 cloak
rCorr   .            (gloves unavailable)
SInv    +            (boots unavailable)
Will    +++++        G - amulet of reflection Stlth **++++++++
                     g - +6 ring of dexterity
HPRegen 2.17/turn    A - +6 ring of dexterity
MPRegen 0.18/turn

%: reflection
@: lethally poisoned (-6 -> -25), strong-willed, on berserk cooldown,
regenerating, slowed, studying 2 skills, lightly drained, quick
A: very small, no large weapons, unfitting armour, see invisible, speed 3
}: 2/15 runes: decaying, serpentine
a: Renounce Religion, Berserk, Trog's Hand, Brothers in Arms


You were on level 4 of the Depths.
You worshipped Trog.
Trog was extremely pleased with you.
You visited 7 branches of the dungeon, and saw 38 of its levels.
You visited 2 bazaars.
You also visited: Trove and Ice Cave.

You collected 5387 gold pieces.
You spent 4193 gold pieces at shops.

Inventory:

Hand Weapons
 a - a +9 demon blade of draining (weapon)
 b - the +8 arc blade {discharge, rElec}
   (You found it on level 1 of the Depths)

   rElec:     It insulates you from electricity.
 w - the +8 falchion "Pudac" {antimagic, Int-3 Dex+6}
   (You found it on level 11 of the Dungeon)

   Int-3:     It affects your intelligence (-3).
   Dex+6:     It affects your dexterity (+6).
Missiles
 c - 36 poisoned darts
 e - 289 stones (quivered)
 f - a curare-tipped dart
 m - 5 throwing nets
 O - 33 boomerangs
Armour
 i - the +3 crown of Dyrovepreva (worn) {rElec Int+2 SInv}
   (You acquired it on level 8 of the Dungeon)

   Int+2:     It affects your intelligence (+2).
   rElec:     It insulates you from electricity.
   SInv:      It lets you see invisible.
 k - the +3 robe "Cyod Bacw" (worn) {Regen+ Int+4 Dex+3}
   (You acquired it on level 8 of the Dungeon)

   Int+4:     It affects your intelligence (+4).
   Dex+3:     It affects your dexterity (+3).
   Regen+:    It increases your rate of health regeneration.
 p - quicksilver dragon scales
 q - +3 fire dragon scales {Xtahua}
 r - the +3 buckler of Negation (worn) {rPois Dex-4 SInv Stlth+}
   (You found it on level 5 of the Dungeon)

   Dex-4:     It affects your dexterity (-4).
   rPois:     It protects you from poison SInv: It lets you see invisible.
   Stlth+:    It makes you more stealthy.
 W - a +2 cloak (worn)
Jewellery
 g - a +6 ring of dexterity (left hand)
 v - a ring of protection from fire
 y - a ring of positive energy
 A - a +6 ring of dexterity (right hand)
 G - an amulet of reflection (around neck)
 X - a ring of protection from cold
Wands
 t - a wand of iceblast (30)
 B - a wand of acid (46)
 J - a wand of digging (14)
 N - a wand of flame (20)
 P - a wand of charming (27)
 Q - a wand of polymorph (11)
 V - a wand of mindburst (23)
Scrolls
 d - 14 scrolls of teleportation
 n - 7 scrolls of vulnerability
 o - 4 scrolls of poison
 s - 7 scrolls of blinking
 x - 2 scrolls of revelation
 z - 3 scrolls of silence
 C - 7 scrolls of fog
 K - a scroll of fear
 U - 2 scrolls of butterflies
 Y - 5 scrolls of immolation
Potions
 h - 6 potions of might
 j - 7 potions of enlightenment
 l - 9 potions of heal wounds
 u - 4 potions of magic
 D - a potion of cancellation
 E - 6 potions of curing
 H - 8 potions of attraction
 I - 3 potions of invisibility
 L - 6 potions of haste
 R - 2 potions of ambrosia
 S - 2 potions of resistance
Miscellaneous
 M - a box of beasts
 T - a condenser vane


   Skills:
 - Level 12.1 Fighting
 - Level 17.5 Long Blades
 - Level 9.5 Throwing
 + Level 23.1 Dodging
 O Level 27 Stealth
 - Level 8.2 Shields
 - Level 22.4 Evocations


You had 20 spell levels left.
You didn't know any spells.
Your spell library contained the following spells:

 Spells                   Type           Power      Damage    Failure   Level
 Foxfire                  Conj/Fire      0%         2x1d4     30%         1
 Freeze                   Ice            0%         1d3       30%         1
 Kiss of Death            Conj/Necr      0%         2d5       30%         1
 Magic Dart               Conj           0%         1d3       30%         1
 Necrotise                Necr           0%         1d4       30%         1
 Sting                    Conj/Alch      0%         1d3       30%         1
 Cigotuvi's Dreadful Rot  Necr/Alch/Air  0%         N/A       41%         2
 Mercury Vapours          Alch/Air       0%         N/A       41%         2
 Searing Ray              Conj           0%         2d4       41%         2
 Sublimation of Blood     Necr           0%         N/A       41%         2
 Dazzling Flash           Conj/Hex       0%         N/A       65%         3
 Gell's Gravitas          Tloc           0%         N/A       65%         3
 Inner Flame              Hex/Fire       0%         N/A       65%         3
 Mephitic Cloud           Conj/Alch/Air  0%         N/A       65%         3
 Teleport Other           Tloc           0%         N/A       65%         3
 Tukima's Dance           Hex            0%         N/A       65%         3
 Volatile Blastmotes      Fire/Tloc      0%         2d10      65%         3
 Dispel Undead            Necr           0%         3d6       96%         4
 Fulminant Prism          Conj/Alch      0%         3d5       96%         4
 Martyr's Knell           Necr/Summ      0%         N/A       96%         4
 Olgreb's Toxic Radiance  Alch           0%         N/A       96%         4
 Passage of Golubria      Tloc           0%         N/A       96%         4
 Vhi's Electric Charge    Tloc/Air       0%         N/A       96%         4
 Alistair's Intoxication  Alch           0%         N/A       100%        5
 Arcjolt                  Conj/Air       0%         1d10      100%        5
 Borgnjor's Vile Clutch   Necr/Erth      0%         N/A       100%        5
 Freezing Cloud           Conj/Ice/Air   0%         6-21      100%        5
 Irradiate                Conj/Alch      0%         3d11      100%        5
 Yara's Violent Unravell  Hex/Alch       0%         3d3       100%        5
 Death Channel            Necr           0%         N/A       100%        6
 Dispersal                Tloc           0%         N/A       100%        6
 Eringya's Noxious Bog    Alch           0%         4d6       100%        6
 Plasma Beam              Fire/Air       0%         2x1d10    100%        6
 Starburst                Conj/Fire      0%         6d3       100%        6
 Ignition                 Fire           0%         3d3       100%        8
 Maxwell's Capacitive Co  Air            0%         ∞         100%        8


Dungeon Overview and Level Annotations

Branches:
Dungeon (15/15)            Temple (0/1) D:4            Lair (5/5) D:8
  Swamp (4/4) Lair:2        Snake (4/4) Lair:3        Slime (0/5) Lair:5
    Orc (2/2) D:9             Elf (0/3) Orc:2        Vaults (4/5) D:13
  Crypt (0/3) Vaults:2     Depths (4/4) D:15          IceCv (visited)
    Zot: Depths:4

Altars:
Cheibriados
Dithmenos
Elyvilon
Fedhas
Gozag
Hepliaklqana
Kikubaaqudgha
Okawaru
Qazlal
Ru
Sif Muna
Uskayaw
Wu Jian
Xom
Yredelemnul
Jiyva

Shops:
D:4 ?*   D:14 (   Orc:2 *!?(   Snake:1 [?   Vaults:1 ?   Depths:1 :
Depths:2 ?(

Portals:
Hell: Depths:1 Depths:2 Depths:4
Pandemonium: Depths:1 Depths:2

Annotations:
Vaults:1 2 transporters


Innate Abilities, Weirdness & Mutations

You are very small and have problems with some larger weapons.
You are too small for most types of armour.
You have supernaturally acute eyesight. (SInv)
You cover ground extremely quickly. (Speed+++)


Message History

The white very ugly thing is lightly wounded.
You slice the white very ugly thing!!
The white very ugly thing is moderately wounded.
You slice the vampire knight!!
The vampire knight is moderately damaged.
The spriggan rider hits you from afar with a +0 spear!
You slash the vampire knight!
The vampire knight is moderately damaged.
The vampire knight hits you with a +1 great mace of distortion!!
* * * LOW HITPOINT WARNING * * *
Space warps horribly around you!
* * * LOW HITPOINT WARNING * * *
The vampire knight bites you but does no damage.
The tengu reaver gestures at you while chanting.
The bolt of poison hits the vampire knight.
The vampire knight completely resists.
The bolt of poison misses you.
The white very ugly thing completely misses you.
You slash the vampire knight!
The vampire knight is heavily damaged.
The spriggan rider closely misses you.
You carve the vampire knight like a ham!!!
The vampire knight is almost destroyed.
You hear a deafening roar!
The vampire knight draws life force from you!!
* * * LOW HITPOINT WARNING * * *
The vampire knight is healed by the life force!
The white very ugly thing completely misses you.
The spriggan rider completely misses you.
A brown ugly thing and a deep troll come into view.
You feel a strong urge to attack something.
The brown ugly thing gurgles horribly!
The deep troll shouts!
You are no longer berserk.
You are exhausted.
You feel yourself slow down.
A deep troll comes into view. x2
The tengu reaver points at you and mumbles some strange words.
The bolt of poison hits you!
You are lethally poisoned!
You resist.
You die...

##..#.....~.≈~.~~~...
###......~.~.......
#.................
#....###.......###
##..## #.....C...#.
..... #.##
##.......... ....:
### #...........
..$.. ###...........
..... ##.#i..........
.....
##.Q)......##...
..C..
##.u.V..@........
.....
#...u##..........
....i
........u...........
.....
..#.#..Du#...T......
..... #
##.....u........
..... ............###
..... #.......T....#
..... ......T.T....#
.#... ........:....
#... #... #...


You could see 2 very ugly things, a fire giant, a fire dragon, a tengu reaver
(repels missiles), a vampire knight, 2 ugly things, a spriggan rider and 4 deep
trolls.

Vanquished Creatures
  Xtahua (Depths:3)
  Bai Suzhen (Depths:2)
  Saint Roka (Vaults:2)
  Rupert (Lair:4)
  A quicksilver dragon (Depths:3)
  2 sphinxes
  A thorn hunter (Swamp:4)
  A tengu reaver (Depths:2)
  A shadow dragon (Depths:3)
  Aizul (Snake:1)
  A storm dragon (Depths:4)
  9 nagarajas
  A fenstrider witch (Swamp:2)
  2 fire giants
  7 vault wardens
  The ghost of flammie80 the Bludgeoner, a journeyman FoMo of Gozag (Lair:3)
  4 frost giants
  A formless jellyfish (Vaults:4)
  19 ironbound preservers
  An orc warlord (Vaults:3)
  16 very ugly things
  5 ironbound thunderhulks
  3 stone giants
  An eleionoma (Swamp:1)
  A vampire knight (Vaults:2)
  Azrael (D:12)
  4 dire elephants
  A minotaur (Lair:4)
  7 bunyips
  2 spark wasps (Depths:1)
  Josephine (Lair:5)
  A merfolk javelineer (Depths:4)
  An ettin (Depths:1)
  A crystal guardian (Vaults:2)
  2 entropy weavers
  9 yaktaur captains
  5 fire dragons
  9 vault guards
  5 ice dragons
  5 great orbs of eyes
  2 peacekeepers
  6 alligators
  3 shambling mangroves
  A salamander tyrant (Snake:4)
  3 rakshasas
  20 centaur warriors
  2 catoblepae (Lair:5)
  4 boulder beetles
  2 death knights (Vaults:2)
  An ogre mage (Vaults:2)
  4 two-headed ogres
  23 hydras
  2 ironbound frosthearts
  19 naga warriors
  5 ghost crabs (Swamp:2)
  11 anacondas
  6 deep troll earth magi
  3 deep troll shamans (Depths:2)
  9 death yaks
  8 orc high priests
  5 tengu warriors
  5 shock serpents
  13 naga sharpshooters
  Urug (Lair:3)
  Nergalle (Lair:1)
  6 hell knights (Depths:2)
  2 salamander mystics
  3 iron trolls
  12 spriggan druids
  64 deep trolls
  9 goliath frogs
  9 sea snakes
  9 mana vipers
  4 glowing orange brains
  4 arcanists
  8 swamp dragons
  9 lindwurms
  4 naga ritualists
  4 harpies
  5 bog bodies
  The ghost of middlethird the Fighter, a novice VSCj of the Shining One (D:7)
  9 orc knights
  8 ironbound convokers
  8 necromancers
  2 deep elf pyromancers
  An oklob plant (Lair:2)
  2 wolf spiders
  2 orc sorcerers
  20 ugly things
  4 will-o-the-wisps (Swamp:4)
  A cyclops (D:12)
  12 salamanders
  3 manticores
  A shadow dragon skeleton (Depths:2)
  Maurice (Orc:2)
  An iron dragon skeleton (Depths:2)
  A fire giant skeleton (Vaults:4)
  39 black mambas
  An ice statue (IceCv)
  18 vault sentinels
  13 naga magi
  A frost giant skeleton (Vaults:4)
  5 apocalypse crabs (Swamp:2)
  10 elephants
  8 guardian serpents
  3 gargoyles
  Jeremiah (D:7)
  12 cane toads
  Maggie (D:7)
  A torpor snail (Lair:5)
  An unseen horror (D:12)
  8 komodo dragons
  6 rime drakes (Lair:5)
  A spark wasp simulacrum (Depths:2)
  4 freezing wraiths
  2 tengu conjurers
  2 anaconda simulacra (IceCv)
  20 yaktaurs
  A yaktaur skeleton (Vaults:4)
  15 ice devils (IceCv)
  6 trolls
  A bloated husk (Swamp:2)
  4 tyrant leeches
  12 hornets
  A blink frog (shapeshifter) (D:14)
  A glass eye (Depths:2)
  A tarantella (Vaults:1)
  7 blink frogs
  13 dream sheep
  An ettin zombie (Vaults:4)
  14 slime creatures
  A centaur simulacrum (D:12)
  Sigmund (D:2)
  20 spriggans
  4 air elementals (Depths:4)
  A shadow (D:11)
  3 wyverns
  9 wraiths
  31 yaks
  A dire elephant simulacrum (IceCv)
  A warg (Orc:2)
  5 humans (D:13)
  4 steam dragons
  Grum (D:8)
  14 vampire mosquitoes
  12 basilisks
  4 death yak simulacra (IceCv)
  4 fire elementals (D:12)
  Edmund (D:4)
  39 nagas
  3 redbacks
  11 swamp worms
  5 acid dragons
  13 water moccasins
  A hydra simulacrum (IceCv)
  A hell hound (D:12)
  8 swamp drakes
  33 orc warriors
  An ice beast (D:6)
  4 black bears
  A laughing skull (Vaults:2)
  16 wolves
  A deep troll simulacrum (Vaults:4)
  A boggart (Vaults:2)
  5 ogres
  15 centaurs
  3 kobold brigands
  10 bullfrogs
  7 scorpions
  7 cane toad simulacra (IceCv)
  A two-headed ogre simulacrum (IceCv)
  8 wights
  6 elephant simulacra (IceCv)
  19 killer bees
  6 howler monkeys
  6 electric eels
  A lava snake (Swamp:4)
  3 bombardier beetles
  2 hounds
  35 orc priests
  A sleepcap (D:6)
  A gnoll bouda (D:9)
  Jessica (D:2)
  Ijyb (D:3)
  Terence (D:2)
  7 iguanas
  15 orc wizards
  2 wolf simulacra (IceCv)
  7 adders
  5 gnolls
  A naga simulacrum (IceCv)
  A shadow imp (D:6)
  15 white imps
  3 ufetubi
  2 dart slugs
  3 ribbon worms
  76 orcs
  5 ball pythons
  6 endoplasms
  7 giant cockroaches
  5 goblins
  2 hobgoblins (D:4)
  2 jackals (D:3)
  3 quokkas
  5 bats
  4 frilled lizards
  19 kobolds
  5 rats
1353 creatures vanquished.

Vanquished Creatures (collateral kills)
  An ironbound preserver (Vaults:4)
  The ghost of KittyFluff the Grappler, a journeyman TrSh of Trog (Lair:4)
  2 spriggans (Swamp:1)
  A goliath frog (Swamp:1)
  3 deep trolls (Vaults:4)
  2 hell knights (Depths:2)
  A spriggan druid (Swamp:1)
  3 ironbound convokers (Vaults:4)
  A necromancer (Depths:2)
  A phantasmal warrior (Vaults:4)
  An orc knight (Vaults:2)
  An elephant (Lair:4)
  2 komodo dragons (Lair:4)
  A tyrant leech (Swamp:1)
  2 hornets (Swamp:1)
  A water moccasin (Lair:4)
24 creatures vanquished.

Vanquished Creatures (others)
  A vault guard (D:13)
  A boulder beetle (D:12)
  2 bloated husks (Swamp:4)
  A troll (D:9)
  2 swamp worms (Swamp:4)
  3 swamp drakes (Swamp:4)
  3 howler monkeys (D:9)
  An ufetubus (IceCv)
  10 foxfires (Swamp:4)
24 creatures vanquished.

Grand Total: 1401 creatures vanquished

Notes
Turn   | Place    | Note
-------+----------+-------------------------------------------
     0 | D:1      | edwinsage the Spriggan Berserker began the quest for the
                  | Orb.
     0 | D:1      | Reached XP level 1. HP: 11/11 MP: 2/2
   402 | D:1      | Found a faded altar of an unknown god.
   432 | D:1      | Reached XP level 2. HP: 10/16 MP: 3/3
  1200 | D:2      | Reached XP level 3. HP: 19/19 MP: 4/4
  1412 | D:2      | Noticed Terence
  1417 | D:2      | Noticed Sigmund
  1556 | D:3      | Reached ** piety under Trog
  1582 | D:3      | Noticed Ijyb
  1604 | D:3      | Reached skill level 3 in Stealth
  1604 | D:3      | Reached XP level 4. HP: 23/23 MP: 5/5
  1907 | D:3      | Found a shimmering blue altar of Sif Muna.
  2127 | D:3      | Reached skill level 4 in Stealth
  2298 | D:4      | Noticed an ogre
  2303 | D:4      | Found a blossoming altar of Fedhas.
  2306 | D:4      | Killed an ogre
  2307 | D:4      | Reached skill level 5 in Dodging
  2307 | D:4      | Reached XP level 5. HP: 27/27 MP: 6/6
  2349 | D:4      | Reached XP level 6. HP: 32/32 MP: 7/7
  2359 | D:4      | Found a hazy altar of Hepliaklqana.
  2457 | D:4      | Found Xudgh's General Store.
  2710 | D:4      | Found a staircase to the Ecumenical Temple.
  2730 | D:4      | Found Wuzoopt's Magic Scroll Shop.
  2731 | D:4      | Noticed Edmund
  2784 | D:4      | Killed Edmund
  3062 | D:4      | Reached skill level 5 in Long Blades
  3214 | D:4      | Reached XP level 7. HP: 36/36 MP: 8/8
  3605 | D:4      | Reached skill level 5 in Stealth
  3614 | D:4      | Reached skill level 6 in Stealth
  3861 | D:3      | Killed Ijyb
  3862 | D:3      | Reached skill level 7 in Stealth
  3913 | D:5      | Entered Level 5 of the Dungeon
  3944 | D:5      | Reached skill level 8 in Stealth
  4187 | D:5      | Found a basalt altar of Yredelemnul.
  4365 | D:5      | Found a snail-covered altar of Cheibriados.
  4365 | D:5      | Found an opulent altar of Gozag.
  4563 | D:5      | Identified the +3 buckler of Negation {rPois Dex-4 SInv
                  | Stlth+}
  4777 | D:6      | Reached skill level 1 in Shields
  4785 | D:6      | Reached XP level 8. HP: 40/40 MP: 9/9
  4801 | D:6      | Reached *** piety under Trog
  5320 | D:6      | Reached skill level 9 in Stealth
  5763 | D:7      | Found a hide-covered altar of Uskayaw.
  5906 | D:7      | Noticed Maggie
  5959 | D:6      | Reached XP level 9. HP: 26/45 MP: 10/10
  6081 | D:7      | Killed Maggie
  6167 | D:7      | Found a runed translucent gate.
  6167 | D:7      | Found a runed translucent gate.
  6167 | D:7      | Found a runed translucent gate.
  6167 | D:7      | Noticed middlethird's ghost (novice VSCj)
  6194 | D:7      | Found a stormy altar of Qazlal.
  6241 | D:7      | Noticed Jeremiah
  6409 | D:6      | HP: 1/64 [orc warrior/+0 trident (9)]
  6684 | D:7      | Killed Jeremiah
  6945 | D:7      | Noticed a troll
  6965 | D:7      | Killed a troll
  6966 | D:7      | Reached skill level 10 in Stealth
  7063 | D:7      | Killed middlethird's ghost
  7064 | D:7      | Reached skill level 12 in Stealth
  7261 | D:8      | Reached XP level 10. HP: 44/49 MP: 11/11
  7313 | D:8      | Found an ancient bone altar of Kikubaaqudgha.
  7357 | D:8      | Noticed an elephant
  7379 | D:8      | Noticed an elephant
  7449 | D:8      | Killed an elephant
  7636 | D:8      | Killed an elephant
  7694 | D:8      | Reached skill level 10 in Dodging
  7888 | D:8      | Noticed Grum
  7923 | D:8      | Killed Grum
  7924 | D:8      | Reached skill level 5 in Fighting
  8080 | D:8      | Found a staircase to the Lair.
  8080 | D:8      | Noticed an elephant
  8083 | D:8      | Killed an elephant
  8243 | D:9      | Found a staircase to the Orcish Mines.
  8476 | D:8      | Reached **** piety under Trog
  8637 | D:9      | Reached skill level 13 in Stealth
  8767 | D:9      | Found a shimmering altar of Xom.
  8800 | D:9      | Reached XP level 11. HP: 55/55 MP: 12/12
  8865 | D:9      | Reached skill level 14 in Stealth
  9518 | D:9      | Reached skill level 5 in Evocations
  9863 | D:9      | Found an iron altar of Okawaru.
  9863 | D:9      | Found a white marble altar of Elyvilon.
 10002 | D:10     | Entered Level 10 of the Dungeon
 10017 | D:10     | Noticed a two-headed ogre
 10040 | D:10     | Killed a two-headed ogre
 10138 | D:10     | Found a shadowy altar of Dithmenos.
 10582 | D:10     | Noticed a two-headed ogre
 10641 | D:10     | Killed a two-headed ogre
 10690 | D:10     | Found an ornate altar of the Wu Jian Council.
 10825 | D:11     | Noticed a two-headed ogre
 10832 | D:11     | Killed a two-headed ogre
 11150 | D:11     | Noticed a boulder beetle
 11214 | D:11     | Found a frozen archway.
 11220 | D:11     | Killed a boulder beetle
 11379 | IceCv    | Entered an ice cave
 11683 | IceCv    | Reached ***** piety under Trog
 12383 | IceCv    | Found an ancient bone altar of Kikubaaqudgha.
 12845 | IceCv    | Reached XP level 12. HP: 44/62 MP: 13/13
 13822 | IceCv    | Reached skill level 15 in Stealth
 14071 | IceCv    | Got Derih's Lectures on Lethal Hail
 14303 | D:11     | Identified the +8 falchion "Pudac" {antimagic, Int-3 Dex+6}
 14738 | Lair:1   | Entered Level 1 of the Lair of Beasts
 14860 | Lair:1   | Reached skill level 5 in Shields
 15005 | Lair:1   | Reached skill level 10 in Long Blades
 15207 | Lair:1   | Noticed Nergalle
 15236 | Lair:1   | Killed Nergalle
 15428 | Lair:1   | Reached skill level 16 in Stealth
 15776 | Lair:2   | Noticed a death yak
 15776 | Lair:2   | Noticed a death yak
 15777 | Lair:2   | Noticed a death yak
 15778 | Lair:2   | Noticed a death yak
 15803 | Lair:1   | Killed a death yak
 15855 | Lair:2   | Reached skill level 17 in Stealth
 16057 | Lair:2   | Reached XP level 13. HP: 65/65 MP: 5/14
 16184 | Lair:1   | Reached skill level 18 in Stealth
 16822 | Lair:2   | Found a staircase to the Swamp.
 17810 | Lair:3   | Noticed Urug
 17849 | Lair:3   | Killed Urug
 17933 | Lair:3   | Found a runed translucent door.
 17936 | Lair:3   | Noticed flammie80's ghost (journeyman FoMo)
 18267 | Lair:3   | Found a staircase to the Snake Pit.
 18816 | Lair:4   | Found a runed translucent gate.
 18816 | Lair:4   | Found a runed translucent gate.
 18816 | Lair:4   | Found a runed translucent gate.
 18821 | Lair:4   | Noticed a minotaur
 18838 | Lair:4   | Noticed KittyFluff's ghost (journeyman TrSh)
 19150 | Lair:4   | Reached skill level 19 in Stealth
 19414 | Lair:4   | Noticed Rupert
 19933 | Lair:4   | Killed KittyFluff's ghost
 19936 | Lair:4   | Killed a minotaur
 20216 | D:2      | Killed Terence
 20232 | D:2      | Noticed Jessica
 20235 | D:2      | Killed Jessica
 20287 | D:2      | Killed Sigmund
 20618 | Lair:5   | Entered Level 5 of the Lair of Beasts
 20618 | Lair:5   | Found a staircase to the Slime Pits.
 20629 | Lair:5   | Received a gift from Trog
 20686 | Lair:5   | Found a viscous altar of Jiyva.
 20718 | Lair:4   | Reached XP level 14. HP: 72/72 MP: 5/15
 20978 | Lair:5   | Noticed Josephine
 21009 | Lair:5   | Killed Josephine
 21831 | Lair:5   | Reached skill level 1 in Throwing
 22508 | Lair:5   | Found a white marble altar of Elyvilon.
 22774 | Lair:5   | Reached skill level 15 in Dodging
 22826 | Lair:5   | Identified the ring of the Establishment {AC+4 Dex+2}
 22836 | Lair:5   | Identified the +3 war axe "Noleid" {pain, Str-3 Dex+8}
 23778 | D:12     | Reached skill level 5 in Throwing
 23791 | D:12     | Identified the +6 chain mail "Ziacy" {rElec Dex+3}
 24680 | D:13     | Identified the +0 leather armour "Vinuc" {Int+3}
 25078 | D:12     | Reached XP level 15. HP: 52/75 MP: 16/16
 25230 | D:12     | Reached skill level 20 in Stealth
 25606 | Snake:1  | Entered Level 1 of the Snake Pit
 25908 | Orc:1    | Entered Level 1 of the Orcish Mines
 26054 | Orc:2    | Entered Level 2 of the Orcish Mines
 26328 | Orc:2    | Found a staircase to the Elven Halls.
 26577 | Orc:2    | Noticed Maurice
 26584 | Orc:2    | Killed Maurice
 26632 | Orc:2    | Reached skill level 10 in Evocations
 26825 | Orc:2    | Received a gift from Trog
 27905 | Orc:2    | Found Beunod's General Store.
 27908 | Orc:2    | Found Suc Yck's Magic Scroll Emporium.
 27909 | Orc:2    | Found Pixzong's Weapon Shoppe.
 27910 | Orc:2    | Found Zathrass's Distillery.
 27935 | Orc:2    | Bought a potion of haste for 160 gold pieces
 27935 | Orc:2    | Bought an amulet of regeneration for 480 gold pieces
 27943 | Orc:2    | Bought a scroll of blinking for 120 gold pieces
 28137 | D:4      | Bought a scroll of acquirement for 676 gold pieces
 28232 | D:8      | Acquired the +3 robe "Cyod Bacw" {Regen+ Int+4 Dex+3}
 28233 | D:8      | Acquired the +3 crown of Dyrovepreva {rElec Int+2 SInv}
 28233 | D:8      | Found the +3 crown of Dyrovepreva {rElec Int+2 SInv}
 28438 | Snake:1  | Identified the serpent talisman of Responsibility {Slay+3}
 28438 | Snake:1  | Noticed Aizul
 28479 | Snake:1  | Killed Aizul
 28552 | Snake:1  | Found Luovaick's Magic Scroll Boutique.
 28557 | Snake:1  | Found Cono's Antique Armour Boutique.
 28929 | Snake:1  | You fall into a shaft and drop 1 floor!
 29197 | Snake:3  | Received a gift from Trog
 29447 | Snake:3  | Noticed a nagaraja
 29475 | Snake:3  | Killed a nagaraja
 29527 | Snake:3  | Reached skill level 21 in Stealth
 29968 | Snake:3  | Reached skill level 22 in Stealth
 29968 | Snake:3  | Reached XP level 16. HP: 81/81 MP: 7/17
 30088 | Snake:3  | Identified the +0 leather armour of Sicleog {rF+ Will+
                  | Str+4 Stlth-}
 30316 | Snake:4  | Entered Level 4 of the Snake Pit
 30612 | Snake:3  | Reached skill level 23 in Stealth
 30861 | Snake:4  | Received a gift from Trog
 30996 | Snake:4  | Got a jade gem with 605 turns to spare
 30999 | Snake:4  | Got a serpentine rune of Zot
 31071 | Snake:4  | Reached skill level 24 in Stealth
 31476 | Snake:1  | Reached skill level 25 in Stealth
 31711 | Snake:1  | Identified the +6 leather armour of Unieli {rN+}
 31949 | Snake:2  | Received a gift from Trog
 33028 | Snake:4  | Reached XP level 17. HP: 88/88 MP: 6/18
 33129 | Snake:4  | Reached skill level 10 in Fighting
 33911 | Snake:1  | Bought a heavily runed robe for 188 gold pieces
 33911 | Snake:1  | Identified the +0 robe of Duty {*Corrode rPois Dex+4
                  | Slay+3} (You bought it in a shop on level 1 of the Snake
                  | Pit)
 33911 | Snake:1  | Bought a glowing scarf for 264 gold pieces
 34028 | D:8      | Acquired a manual of Long Blades
 34298 | D:13     | Found a gate to the Vaults.
 34486 | D:14     | Found Enga Sao's Antique Weapon Boutique.
 35002 | D:15     | Entered Level 15 of the Dungeon
 35331 | D:15     | Found a sacrificial altar of Ru.
 35551 | D:15     | Found a staircase to the Depths.
 35573 | D:15     | Reached ****** piety under Trog
 35874 | D:12     | Noticed Azrael
 35887 | D:12     | Killed Azrael
 36074 | D:12     | You fall into a shaft and drop 2 floors!
 36526 | Swamp:1  | Entered Level 1 of the Swamp
 37235 | Swamp:1  | Received a gift from Trog
 37549 | Swamp:4  | Entered Level 4 of the Swamp
 38094 | Swamp:4  | Reached XP level 18. HP: 65/93 MP: 7/19
 38487 | Swamp:4  | Got a mossy gem with 495 turns to spare
 38502 | Swamp:4  | Got a decaying rune of Zot
 39196 | Swamp:2  | Received a gift from Trog
 39233 | Swamp:2  | Found a runed translucent door.
 39627 | Swamp:2  | Reached skill level 26 in Stealth
 39909 | Swamp:2  | Identified the staff of Intuition {rC+ Int+6 Dex-4 Ice
                  | Alchemy}
 40800 | Swamp:4  | Reached skill level 27 in Stealth
 40920 | Swamp:4  | Identified the +5 shortbow "Uvexkoz" {flame, Str+6}
 41449 | Lair:3   | Killed flammie80's ghost
 41588 | Lair:4   | Killed Rupert
 41897 | Vaults:1 | Entered Level 1 of the Vaults
 42315 | Vaults:1 | Found a portal to a secret trove of treasure.
 42395 | Vaults:1 | You paid a toll of 5 scrolls of fear to enter a treasure
                  | trove
 42396 | Trove    | Entered a treasure trove
 42442 | Trove    | Identified the +6 sling of Ceom {heavy, Will+ SInv}
 42448 | Trove    | Identified the +7 long sword "Wiunufev" {freeze, rElec
                  | Str+3}
 42471 | Vaults:1 | Found a transporter.
 42533 | Vaults:1 | Found a transporter.
 42579 | Vaults:1 | Received a gift from Trog
 42643 | Vaults:1 | Found Cyuq's Magic Scroll Shoppe.
 43100 | Vaults:1 | Reached XP level 19. HP: 100/100 MP: 6/20
 43413 | Vaults:1 | Received a gift from Trog
 43414 | Vaults:1 | Reached skill level 15 in Evocations
 44252 | Vaults:2 | Found a staircase to the Crypt.
 44407 | Vaults:2 | Noticed Saint Roka
 44446 | Vaults:2 | Killed Saint Roka
 44460 | Vaults:2 | Identified the +3 morningstar of Truncation {protect,
                  | ^Contam rC++ rCorr Dex+2}
 45212 | Vaults:2 | Received a gift from Trog
 46254 | Vaults:2 | Received a gift from Trog
 46296 | Vaults:2 | Reached XP level 20. HP: 107/107 MP: 7/21
 47341 | Vaults:4 | Reached skill level 15 in Long Blades
 47461 | Vaults:4 | Received a gift from Trog
 47632 | Vaults:4 | Found a flickering gateway to a bazaar.
 47692 | Bazaar   | Entered a bazaar
 47692 | Bazaar   | Found Fosob's Jewellery Emporium.
 47699 | Bazaar   | Found Kiwkaq's Antique Weapon Boutique.
 47707 | Bazaar   | Found Hoqicva's Antique Armour Boutique.
 47718 | Bazaar   | Found Ogrukazi's Distillery.
 47729 | Bazaar   | Found Zoeneapi's General Store.
 47761 | Bazaar   | Bought a wand of iceblast (7) for 201 gold pieces
 47761 | Bazaar   | Bought a potion of resistance for 120 gold pieces
 47761 | Bazaar   | Bought a wand of acid (5) for 252 gold pieces
 47774 | Bazaar   | Bought an amulet of reflection for 330 gold pieces
 48328 | Depths:1 | Entered Level 1 of the Depths
 48340 | Depths:1 | Found a flickering gateway to a bazaar.
 48357 | Depths:1 | Found the +8 arc blade {discharge, rElec}
 48390 | Bazaar   | Entered a bazaar
 48413 | Bazaar   | Found Voseunwapi's Armour Shop.
 48426 | Bazaar   | Found Wuraf's Antique Weapon Boutique.
 48426 | Bazaar   | Found Tojusoux's Armour Shop.
 48452 | Bazaar   | Found Siucanad's Distillery.
 48475 | Bazaar   | Bought 2 potions of heal wounds for 110 gold pieces
 48699 | Depths:1 | Found Foxzeu's Vocational Training.
 48724 | Depths:1 | Bought a manual of Evocations for 1040 gold pieces
 48784 | Depths:1 | Found a gateway to Hell.
 48857 | Depths:1 | Found a one-way gate leading to the halls of Pandemonium.
 49583 | Depths:2 | Found Qivvixats's Antique Weapon Emporium.
 50111 | Depths:2 | Received a gift from Trog
 50300 | Depths:2 | Found Oklungoc's Magic Scroll Shop.
 50316 | Depths:2 | Found Runat's Antique Weapon Emporium.
 50336 | Depths:2 | Bought a masterwork rapier for 252 gold pieces
 50336 | Depths:2 | Identified the +8 rapier of the Grave {heavy, ^Fragile rC+
                  | Str+3 Int+2} (You bought it in a shop on level 2 of the
                  | Depths)
 50351 | Depths:2 | Noticed Bai Suzhen
 50379 | Depths:2 | Killed Bai Suzhen
 50392 | Depths:2 | HP: 1/107 [fire giant/fireball (49)]
 50849 | Depths:2 | Reached XP level 21. HP: 111/111 MP: 22/22
 51144 | Depths:4 | Entered Level 4 of the Depths
 51182 | Depths:3 | Noticed Xtahua
 51194 | Depths:3 | Killed Xtahua
 51337 | Depths:4 | HP: 3/160 [vampire knight/vampiric draining (20)]
 51340 | Depths:4 | Killed from afar by a tengu reaver

Illustrated notes

Levels and vault maps discovered:
D:1:      psy_arrival_spokes, layout_loops_corners, basic_ecumenical_altar,
          serial_park_tiny_1
D:2:      layout_loops_cross, uniq_terence, uniq_sigmund, uniq_jessica
D:3:      layout_loops_ring, hellmonk_sif_muna_bookshelves, serial_glass,
          glass_columns_b, glass_columns_a, uniq_ijyb
D:4:      minmay_diamond_boxcup, layout_layer_cave,
          mainiacjoe_overflow_brackets, mainiacjoe_overflow_small_starburst,
          minmay_temple_entry_grid, serial_shops,
          nicolae_shop_getting_attention, shop, uniq_edmund
D:5:      layout_layer_cave, mainiacjoe_overflow_tiny_flanked,
          amethyst_overflow_temple_binary
D:6:      layout_cave_pools
D:7:      minmay_chambers_of_fours, layout_cave_pools, grunt_qazlal_clouds,
          nicolae_uskayaw_dance_studio, ebering_ghost_rock_garden,
          nicolae_concentric_dashed_squares_wild, minivault_1, uniq_maggie,
          uniq_jeremiah
D:8:      layout_rooms, kiku_gazebo_garden_becter,
          grunt_lair_entry_orc_guard_hut, serial_glass, glass_columns_a,
          glass_columns_a, glass_columns_b, glass_columns_b, uniq_grum
D:9:      layout_layer_cave, xom_confusion_cloud,
          gammafunk_temple_overflow_wave, david_orc_2
D:10:     layout_basic, marbit_many_paths, grunt_dithmenos_smoke,
          chequers_serial_rivers_micro_d, grunt_decor_cap
D:11:     layout_basic, portal_ice_cave_entry_imps
D:12:     kb_forest_paths, layout_gridville, uniq_azrael
D:13:     layout_gridville, ximxim_vaults_locker_room
D:14:     layout_basic, serial_shops, nicolae_shop_trees
D:15:     hellmonk_depths_entry_around_the_bend, layout_loops_ring,
          nicolae_ru_path_of_blood
Lair:1:   layout_cave_shapes, uniq_nergalle
Lair:2:   layout_long_grid, nicolae_swamp_entry_splash_gauntlet, st_stairs_5,
          grunt_forest_small_clearing_treed
Lair:3:   layout_chaotic_city, minmay_snake_entry_six_corridors,
          hellmonk_ghost_happy_afterlife, uniq_urug
Lair:4:   layout_gridlike, maelrawn_ghost_gauntlet_escape,
          chequers_serial_rivers_large_a, st_stairs_11,
          cheibrodos_lair_caveside_slide, serial_bayou_shore_b,
          lemuel_fruit_tree, uniq_rupert
Lair:5:   guppyfry_lair_end_dragon, layout_cellular_growth,
          hangedman_lair_in_review, slime_entry_1, basic_altar,
          chequers_serial_rivers_micro_e, serial_bayou_shore_a, uniq_josephine
Swamp:1:  nicolae_swamp_ascending_descending, layout_basic_swamp,
          serial_swamp_ruin, evilmike_swamp_ruin_wall,
          evilmike_swamp_ruin_rubble_1, swamp_pool_4
Swamp:2:  gammafunk_mikee_crab_dinner, layout_basic_swamp,
          evilmike_swamp_ruin_rubble_2
Swamp:3:  layout_falls_marsh, hangedman_swamp_ruin_hall, swamp_pool_4
Swamp:4:  swamp_fiery, layout_basic_swamp, nicolae_swamp_tree_isthmus
Snake:1:  layout_gridlike, statue_in_the_mist_lemuel, minmay_shop_star,
          grunt_megastairs_3, serial_bayou_shore_b, uniq_aizul
Snake:2:  layout_basic
Snake:3:  layout_chambers, st_stairs_9
Snake:4:  grunt_snake_rune_pools, layout_misc_corridors
Orc:1:    layout_caves, einodemon_barbed_minivault
Orc:2:    st_orc_pillars, layout_caves, david_defended_altar_orc, uniq_maurice
Vaults:1: nicolae_vaults_tetromino_Z_2, gammafunk_dig_for_victory,
          dpeg_vaults_monster_row, vaults_dpeg_diagonal, vaults_dpeg_hooks,
          ontoclasm_vaults_hangar, nicolae_vaults_big_ls,
          vaults_mumra_minichess_inversion, vaults_room_corners,
          nicolae_vaults_diamond_1, hangedman_vaults_nails, v_misc_26,
          layout_vaults_omnibox, enter_trove_1, serial_shops, shop
Vaults:2: v_alt_pattern_1, minmay_crypt_entry_simple_sparse,
          nicolae_vaults_wrenched, vaults_mumra_chevron,
          nicolae_vaults_yaktaur_gun_rack, nicolae_vaults_more_shelving_1,
          nicolae_vaults_layer_cake_slice, nicolae_vaults_shelves_hall,
          nicolae_vaults_sightless_eye, dpeg_vaults_monster_box,
          nicolae_vaults_bisected_slash, layout_vaults_omnigrid, uniq_saint_roka
Vaults:3: nicolae_vaults_trapezoid_lopsided_3, vaults_dpeg_cross, v_misc_25,
          v_misc_3, nicolae_vaults_trapezoid_1, ontoclasm_vaults_spin,
          v_misc_29, hangedman_vaults_capsules, v_pattern_5,
          grunt_vaults_hallway_short, hangedman_vaults_impose,
          nicolae_vaults_security_offices_1, nicolae_vaults_little_ls,
          nicolae_vaults_closet_pinwheel_1, nicolae_vaults_apartment_2,
          vaults_room_door_ring, layout_vaults_ring
Vaults:4: st_star, hangedman_vaults_maws, nicolae_vaults_storage_closets_3,
          v_misc_25, nicolae_vaults_double_plus_2, nicolae_vaults_diamond_1,
          vaults_mumra_minichess, ontoclasm_vaults_hangar, v_misc_26,
          nicolae_vaults_closet_pinwheel_6, grunt_vaults_diagonal,
          layout_vaults_omnicross, serial_shops, bzr_entry_islet
Depths:1: layout_gridville, pan_entry, serial_shops, bzr_entry_gold, hell_entry,
          nicolae_shop_vocational
Depths:2: hellmonk_crumbling_castle, layout_honeycomb, pan_entry, serial_shops,
          nicolae_shop_gibbet_a_chance, nicolae_shop_peninsula,
          grunt_hell_entry_dis_mu, serial_glass, glass_columns_a,
          glass_columns_b, nicolae_stop_n_shop_2, ebering_dispersal_statue_hall,
          uniq_bai_suzhen
Depths:3: lemuel_troll_bridge, layout_gridlike, enter_ziggurat_b,
          hangedman_geh_valley, abyss_entry_crystal, minmay_tree_intersection,
          infiniplex_staircase_zigzag_2, uniq_xtahua
Depths:4: grunt_zot_entry_alcove, layout_cave_pools, hell_entry,
          hangedman_abyss_entry_splay, gammafunk_ghost_berserking_beasts,
          dreamdust_looks_like_rain

Skill      XL: |  1  2  3  4  5  6  7  8  9 10 11 12 13 14 15 16 17 18 19 20 21 |
---------------+----------------------------------------------------------------+-----
Long Blades    | 3 4 5 6 7 8 9 10 12 14 17 | 17.5
Stealth        | 3 4 8 9 12 13 14 17 19 22 25 27 | 27.0
Dodging        | 5 6 8 10 12 13 14 15 18 20 21 22 23 | 23.1
Fighting       | 3 4 5 6 7 8 9 10 11 12 | 12.1
Evocations     | 3 6 9 10 12 14 17 22 | 22.4
Shields        | 1 3 4 5 6 8 |  8.2
Throwing       | 6 9 |  9.5

Action                     |  1- 3 |  4- 6 |  7- 9 | 10-12 | 13-15 | 16-18 | 19-21 || total
---------------------------+-------+-------+-------+-------+-------+-------+-------++-------
  Melee: Falchion          |   109 |    46 |       |   107 |  1523 |  1832 |  1148 ||  4765
         Punch             |     1 |       |       |       |       |       |       ||     1
         Dagger            |       |    19 |   115 |   830 |   144 |   138 |    45 ||  1291
         Trident           |       |     4 |       |       |       |       |       ||     4
         Short sword       |       |     2 |   249 |     8 |       |       |       ||   259
         Long sword        |       |       |       |    18 |       |       |       ||    18
         Scimitar          |       |       |       |       |       |    59 |       ||    59
         Demon blade       |       |       |       |       |       |       |   402 ||   402
         Rapier            |       |       |       |       |       |       |    41 ||    41
  Throw: Dart              |       |     5 |       |       |     3 |       |       ||     8
         Stone             |       |       |       |     2 |     6 |     4 |       ||    12
 Invoke: Berserk           |     4 |     1 |    14 |    26 |    31 |    20 |    18 ||   114
         Trog's Hand       |       |       |       |     3 |     2 |     1 |     4 ||    10
         Brothers in Arms  |       |       |       |     1 |     1 |     4 |     5 ||    11
  Evoke: Wand              |       |       |       |       |     9 |     4 |     2 ||    15
    Use: Scroll            |       |       |       |    13 |     8 |     8 |    10 ||    39
         Potion            |       |       |       |       |       |     4 |     6 ||    10
   Stab: Sleeping          |     5 |    12 |    23 |    35 |    68 |    85 |    53 ||   281
         Distracted        |       |       |       |     6 |    17 |    20 |    15 ||    58
         Petrifying        |       |       |       |       |     1 |       |       ||     1
         Confused          |       |       |       |       |       |     3 |       ||     3
 Armour: Animal skin       |    30 |    14 |    51 |       |       |       |       ||    95
         Steam dragon scal |       |       |    19 |   173 |   162 |       |       ||   354
         Robe              |       |       |       |       |    34 |   261 |   217 ||   512
  Dodge: Dodged            |    90 |    38 |   175 |   586 |   972 |  1533 |  1565 ||  4959
  Block: Buckler           |       |       |    83 |   267 |   580 |   790 |   862 ||  2582
         Reflection        |       |       |       |       |       |       |     2 ||     2
